 Dungeon Crawl Stone Soup version 0.29-a0-876-gfc89b1a5bd (webtiles) character file.

Game seed: 1145237416158126453

7134 IdlyInterested the Cleaver (level 10, -1/71 HPs)
             Began as a Demonspawn Fighter on July 19, 2022.
             Slain by a death yak (4 damage)
             ... on level 9 of the Dungeon.
             The game lasted 00:31:27 (11132 turns).

IdlyInterested the Cleaver (Demonspawn Fighter)    Turns: 11132, Time: 00:31:28

Health: -1/71      AC: 17    Str: 16    XL:     10   Next: 85%
Magic:  0/3        EV: 11    Int: 10    God:
Gold:   163        SH:  7    Dex: 17    Spells: 9/9 levels left

rFire   . . .      SeeInvis .   G - +2 war axe (antimagic)
rCold   . . .      Faith    .   c - +0 buckler
rNeg    . . .      Spirit   +   B - +3 scale mail {rPois}
rPois   +          Reflect  .   q - +2 hat
rElec   .          Harm     .   (no cloak)
rCorr   +          Rampage  .   u - +0 pair of gloves
Will    .....                   (no boots)
Stlth   +.........              m - amulet of guardian spirit
HPRegen 0.21/turn               f - +4 ring of protection
MPRegen 0.08/turn               E - ring of resist corrosion

@: on berserk cooldown, slowed, invisible, very slow
A: antennae 1, claws 2, hooves 2, foul stench 1
a: no special abilities


You were on level 9 of the Dungeon.
You visited 2 branches of the dungeon, and saw 10 of its levels.

You collected 507 gold pieces.
You spent 344 gold pieces at shops.

Inventory:

Hand Weapons
 a - a +1 war axe of protection
 b - a +2 scimitar of flaming
 j - a +0 vorpal battleaxe
 z - a +2 hand axe of venom
 G - a +2 antimagic war axe (weapon)
Missiles
 h - 12 poisoned darts (quivered)
 o - a throwing net
 w - 8 boomerangs
 H - 6 javelins
Armour
 c - a +0 buckler (worn)
 p - a +2 leather armour of fire resistance
 q - a +2 hat (worn)
 u - a +0 pair of gloves (worn)
 B - a +3 scale mail of poison resistance (worn)
Jewellery
 f - a +4 ring of protection (left hand)
 m - an amulet of guardian spirit (around neck)
 D - a +6 ring of intelligence
 E - a ring of resist corrosion (right hand)
Wands
 k - a wand of flame (19)
 y - a wand of quicksilver (2)
Scrolls
 i - a scroll of enchant weapon
 s - 2 scrolls of amnesia
 v - 3 scrolls of fog
 x - 5 scrolls of teleportation
 A - a scroll of blinking {unknown}
 F - a scroll of identify
Potions
 d - 2 potions of might
 e - a potion of cancellation
 g - 2 potions of flight
 l - a potion of mutation
 r - 2 potions of brilliance
 t - a potion of curing
Miscellaneous
 I - a box of beasts (inert)


   Skills:
 - Level 4.0 Fighting
 + Level 9.6 Axes
 + Level 3.7 Throwing
 - Level 4.0 Armour
 - Level 4.0 Dodging
 - Level 4.0 Stealth
 * Level 8.9 Shields
 - Level 4.0 Evocations


You had 9 spell levels left.
You didn't know any spells.
Your spell library contained the following spells:

 Spells                   Type           Power      Damage    Failure   Level
 Apportation              Tloc           0%         N/A       85%         1
 Magic Dart               Conj           0%         1d3       85%         1
 Necrotise                Necr           0%         1d4       85%         1
 Sting                    Tmut/Pois      0%         1d3       85%         1
 Summon Small Mammal      Summ           0%         N/A       85%         1
 Poisonous Vapours        Pois/Air       0%         N/A       94%         2
 Searing Ray              Conj           0%         2d4       94%         2
 Fulminant Prism          Conj/Hex       0%         3d6       100%        4
 Leda's Liquefaction      Hex/Erth       0%         N/A       100%        4
 Olgreb's Toxic Radiance  Pois           0%         N/A       100%        4
 Petrify                  Tmut/Erth      0%         N/A       100%        4
 Lee's Rapid Deconstruct  Erth           0%         3d5*      100%        5
 Metabolic Englaciation   Hex/Ice        0%         N/A       100%        5
 Statue Form              Tmut/Erth      0%         N/A       100%        6


Dungeon Overview and Level Annotations

Branches:
Dungeon (9/15)             Temple (1/1) D:4            Lair (0/5) D:9
    Orc: D:9-12

Altars:
Ashenzari
Cheibriados
Dithmenos
Fedhas
Gozag
Hepliaklqana
Kikubaaqudgha
Makhleb
Nemelex Xobeh
Okawaru
Qazlal
Ru
Sif Muna
Trog
Uskayaw
Vehumet
Wu Jian
Xom
Yredelemnul

Shops:
D:3 [   D:6 !

Annotations:
D:9 Maggie


Innate Abilities, Weirdness & Mutations

You have a pair of small antennae on your head.
You have very sharp fingernails.
You have hoof-like feet.
You may rarely emit foul miasma when damaged in melee.


Message History

The death yak is lightly wounded.
The death yak gores you.
* * * LOW HITPOINT WARNING * * *
You emit a cloud of foul miasma!
You slash the death yak!
The death yak is moderately wounded.
The death yak is engulfed in dark miasma.
The death yak is poisoned.
The death yak gores you!
* * * LOW HITPOINT WARNING * * *
You slash the death yak! You kick the death yak!
The death yak is severely wounded.
You slash the death yak! You kick the death yak.
You kill the death yak!
You are too berserk!
You closely miss something. Your kick misses something. Something hits you.
* * * LOW HITPOINT WARNING * * *
Something bites you but does no damage.
You hit something but do no damage. You hit something.
Your kick misses something. You block something's attack.
Something bites you but does no damage.
You miss something. Your kick misses something. You block something's attack.
Something bites you but does no damage.
You slash something! Your kick misses something.
You are no longer berserk.
You are exhausted.
You feel yourself slow down. Something hits you but does no damage.
Something bites you but does no damage.
You closely miss something. Your kick misses something. Something hits you.
* * * LOW HITPOINT WARNING * * *
Something bites you but does no damage.
You hit something but do no damage. You kick something.
You fade into invisibility!
The death yak misses you.
You catch the helpless death yak completely off-guard!
You slash the death yak!
The death yak is lightly wounded.
A vampire appears from thin air!
Reactivating autopickup.
The death yak gores you.
You die...

.... #..@..#
.......
.......
....... ###
.......##.##
........{YV#
.........#Y#
......Y{.#@#
......YH.#.#
...........#
.....>.....#
...........#
...........#
#..........#
#..........#
#).........#


You could see 2 death yaks and a vampire (magic disrupted).

Vanquished Creatures
  2 death yaks (D:9)
  Grinder (D:3)
  Grum (D:8)
  2 wyverns
  Eustachio (D:6)
  5 yaks (D:8)
  2 steam dragons
  6 water moccasins
  Pargi (D:3)
  A black bear (D:5)
  3 orc warriors
  4 centaurs
  3 wolves (D:8)
  3 phantoms
  5 necrophages (D:7)
  2 bullfrogs (D:8)
  2 scorpions
  A howler monkey (D:9)
  A centaur zombie (D:7)
  2 hounds (D:5)
  2 jellies
  10 orc priests
  Ijyb (D:3)
  Terence (D:3)
  6 iguanas
  9 orc wizards
  2 howler monkey zombies (D:7)
  4 gnolls (D:7)
  12 adders
  2 shadow imps
  2 white imps (D:6)
  3 ufetubi
  8 worms
  4 dart slugs
  41 orcs
  4 ball pythons
  8 endoplasms
  3 giant cockroaches
  7 goblins
  3 hobgoblins
  A jackal (D:3)
  6 quokkas
  4 bats
  3 frilled lizards
  A kobold (D:3)
  11 rats
  A bush (D:7)
207 creatures vanquished.

Vanquished Creatures (collateral kills)
  A two-headed ogre (D:9)
  An adder (D:5)
2 creatures vanquished.

Vanquished Creatures (others)
  A yak (D:9)
  A scorpion (D:7)
  A bush (D:7)
  9 plants (D:7)
12 creatures vanquished.

Grand Total: 221 creatures vanquished

Notes
Turn   | Place    | Note
-------+----------+-------------------------------------------
     0 | D:1      | IdlyInterested the Demonspawn Fighter began the quest for
                  | the Orb.
     0 | D:1      | Reached XP level 1. HP: 18/18 MP: 1/1
   433 | D:1      | Reached skill level 2 in Axes
   440 | D:1      | Discovered your monstrous ancestry.
   440 | D:1      | Gained mutation: You have a pair of small antennae on your
                  | head. [demonic ancestry]
   440 | D:1      | Reached XP level 2. HP: 11/24 MP: 2/2
  1336 | D:2      | Gained mutation: You have large cloven feet. [demonic
                  | ancestry]
  1336 | D:2      | Reached XP level 3. HP: 17/29 MP: 3/3
  1356 | D:2      | Noticed a phantom
  1356 | D:2      | Found a faded altar of an unknown god.
  1363 | D:2      | Killed a phantom
  1364 | D:2      | Reached skill level 1 in Dodging
  1364 | D:2      | Reached XP level 4. HP: 21/35 MP: 4/4
  1546 | D:2      | Gained mutation: You may rarely emit foul miasma when
                  | damaged in melee. [demonic ancestry]
  1546 | D:2      | Reached XP level 5. HP: 40/41 MP: 5/5
  1698 | D:2      | Reached skill level 3 in Axes
  2438 | D:3      | Noticed Terence
  2457 | D:3      | Killed Terence
  2758 | D:3      | Noticed Grinder
  2758 | D:3      | Paralysed by Grinder for 2 turns
  2769 | D:3      | Killed Grinder
  2770 | D:3      | Reached skill level 4 in Axes
  2770 | D:3      | Reached XP level 6. HP: 9/47 MP: 2/6
  3146 | D:3      | Noticed Ijyb
  3164 | D:3      | Killed Ijyb
  3330 | D:3      | Reached skill level 1 in Stealth
  3567 | D:3      | Found Ukett's Antique Armour Shop.
  3835 | D:3      | Noticed Pargi
  3847 | D:3      | Killed Pargi
  3848 | D:3      | Reached XP level 7. HP: 40/52 MP: 4/7
  4510 | D:4      | Reached skill level 5 in Axes
  4658 | D:4      | Found a staircase to the Ecumenical Temple.
  4666 | Temple   | Entered the Ecumenical Temple
  5312 | D:4      | Found an ancient bone altar of Kikubaaqudgha.
  5498 | D:4      | Found a hide-covered altar of Uskayaw.
  5647 | D:4      | Found a stormy altar of Qazlal.
  5826 | D:5      | Entered Level 5 of the Dungeon
  5871 | D:5      | Reached skill level 1 in Throwing
  6204 | D:5      | Reached skill level 6 in Axes
  6204 | D:5      | Gained mutation: You have hoof-like feet. [demonic
                  | ancestry]
  6204 | D:5      | Reached XP level 8. HP: 55/58 MP: 6/8
  6391 | D:5      | Found a sacrificial altar of Ru.
  6428 | D:5      | Found a burning altar of Makhleb.
  6580 | D:6      | Noticed Eustachio
  6607 | D:6      | Killed Eustachio
  6608 | D:6      | Reached skill level 1 in Evocations
  6804 | D:6      | Found Osumym's Distillery.
  6839 | D:6      | Reached skill level 7 in Axes
  7829 | D:7      | Gained mutation: You have sharp fingernails. [demonic
                  | ancestry]
  7829 | D:7      | Reached XP level 9. HP: 58/65 MP: 7/9
  7890 | D:7      | Found a shimmering altar of Xom.
  7919 | D:7      | Reached skill level 8 in Axes
  8236 | D:7      | Reached skill level 5 in Shields
  8623 | D:7      | Found a blossoming altar of Fedhas.
  9065 | D:3      | Bought a shiny scale mail for 168 gold pieces
  9271 | D:6      | Bought 2 potions of heal wounds for 110 gold pieces
  9271 | D:6      | Bought a potion of degeneration for 11 gold pieces
  9271 | D:6      | Bought a potion of heal wounds for 55 gold pieces
  9294 | D:8      | Found a snail-covered altar of Cheibriados.
  9300 | D:8      | Noticed Grum
  9319 | D:8      | HP: 3/65 [wolf[Grum] (5)]
  9325 | D:8      | Killed Grum
  9770 | D:8      | Gained mutation: You have very sharp fingernails. [demonic
                  | ancestry]
  9770 | D:8      | Reached XP level 10. HP: 61/71 MP: 8/10
 10042 | D:8      | Noticed a moth of wrath
 10045 | D:8      | Found a bloodstained altar of Trog.
 10365 | D:9      | Reached skill level 9 in Axes
 10496 | D:9      | Noticed a two-headed ogre
 10508 | D:9      | Killed a two-headed ogre
 11088 | D:9      | Noticed a death yak
 11088 | D:9      | Found a staircase to the Lair.
 11088 | D:9      | Noticed Maggie
 11088 | D:9      | Noticed a death yak
 11088 | D:9      | Noticed a death yak
 11090 | D:9      | Noticed a death yak
 11117 | D:9      | Killed a death yak
 11122 | D:9      | Killed a death yak
 11129 | D:9      | HP: 2/71 [something (3)]
 11132 | D:9      | Slain by a death yak

Illustrated notes

Levels and vault maps discovered:
D:1:      minmay_arrival_nine_rooms, layout_basic
D:2:      layout_basic, ebering_ecumenical_altar_sacrificial,
          minmay_misc_feat_diagonals, minmay_tetromino_t2
D:3:      layout_basic, serial_shops, shop_statue, minmay_circle_x,
          uniq_grinder, uniq_ijyb, uniq_terence, uniq_pargi
D:4:      layout_cave_pods, mainiacjoe_overflow_alcove_2,
          overflow_temple_1_default, lemuel_coloured_pillars_altar,
          minmay_temple_entry_ruins
D:5:      layout_cave_pools, mainiacjoe_overflow_alcove_4, makhleb_grotto_becter
D:6:      layout_basic, serial_shops, nicolae_shop_hallway_stairs,
          ebering_dispersal_statue_hall, uniq_eustachio
D:7:      layout_basic, xom_confusion_cloud, fedhas_altar_decomposition
D:8:      layout_rooms, tgw_trog, mainiacjoe_overflow_paths, uniq_grum
D:9:      layout_rooms, tso_altar, dpeg_lair_monsters, hiddenorc1_lemuel,
          ploomutoo_gammafunk_ghost_potion_laboratory, hex_large,
          minmay_between, uniq_maggie
Temple:   minmay_temple_forest_path

Skill      XL: |  1  2  3  4  5  6  7  8  9 10 |
---------------+-------------------------------+-----
Axes           | 2 4 6 7 8 9 |  9.6
Shields        | 3 4 6 8 |  8.9
Armour         | 3 4 |  4.0
Dodging        | 1 3 4 |  4.0
Stealth        | 2 3 4 |  4.0
Throwing       | 2 3 |  3.7
Evocations     | 3 4 |  4.0
Fighting       | 4 |  4.0

Action                   |  1- 3 |  4- 6 |  7- 9 | 10-12 || total
-------------------------+-------+-------+-------+-------++-------
Melee: War axe           |    65 |   130 |   347 |   144 ||   686
       Kick              |     3 |    33 |   114 |    53 ||   203
Throw: Throwing net      |       |     1 |       |       ||     1
       Dart              |       |       |     2 |     5 ||     7
       Javelin           |       |       |       |     6 ||     6
Evoke: Box of beasts     |       |       |       |     1 ||     1
  Use: Potion            |     1 |       |     5 |     5 ||    11
       Scroll            |       |    11 |     8 |     1 ||    20
 Stab: Distracted        |       |       |       |     1 ||     1
       Invisible         |       |       |       |     1 ||     1
Armor: Scale mail        |    44 |    93 |    69 |    73 ||   279
       Chain mail        |       |       |   151 |       ||   151
       Plate armour      |       |       |   139 |       ||   139
Dodge: Dodged            |    38 |    74 |   131 |    72 ||   315
Block: Buckler           |    14 |    35 |   121 |    45 ||   215

Table legend: (Time is in decaauts)
 A = Elapsed time spent in this place.
 B = Non-inter-level travel time spent in this place.
 C = Inter-level travel time spent in this place.
 D = Time resting spent in this place.
 E = Time spent auto-exploring this place.
 F = Levels seen in this place.
 G = Mean time per level.
                   A        B        C        D        E       F      G
               +--------+--------+--------+--------+--------+-----+--------+
         Total |  11293 |   9566 |   1727 |   2153 |   5326 |  10 | 1129.3 |
       Dungeon |  10836 |   9155 |   1681 |   2153 |   4928 |   9 | 1204.0 |
        Temple |    457 |    412 |     45 |      0 |    398 |   1 |  457.0 |
               +--------+--------+--------+--------+--------+-----+--------+

Top non-repeatable levels by time:
     D:3: 2169 daAuts
     D:7: 1487 daAuts
     D:1: 1425 daAuts
     D:4: 1272 daAuts
     D:6: 1156 daAuts
     D:8: 1111 daAuts
     D:2: 1021 daAuts
     D:5: 725 daAuts
     D:9: 466 daAuts
  Temple: 457 daAuts
